 Dungeon Crawl Stone Soup version 0.30-a0-1008-g30c9307041 (webtiles) character file.

Game seed: 10183889973511548245

3 PimpSugar the Magician (level 1, -1/13 HPs)
             Began as a Demonspawn Hedge Wizard on Apr 5, 2023.
             Slain by a goblin
             ... wielding a +0 dagger
              (3 damage)
             ... on level 1 of the Dungeon.
             The game lasted 00:00:27 (124 turns).

PimpSugar the Magician (Demonspawn Hedge Wizard)     Turns: 124, Time: 00:00:27

Health: -1/13      AC:  2    Str: 10    XL:     1   Next: 41%
Magic:  4/4        EV: 12    Int: 15    God:
Gold:   23         SH:  0    Dex: 12    Spells: 5/6 levels left

rFire   . . .      SeeInvis .    a - +0 dagger
rCold   . . .      Faith    .    (no shield)
rNeg    . . .      Spirit   .    b - +0 robe
rPois   .          Reflect  .    c - +0 hat
rElec   .          Rampage  .    (no cloak)
rCorr   .                        (no gloves)
Will    .....                    (no boots)
Stlth   ++                       (no amulet)
HPRegen 0.22/turn                (no ring)
MPRegen 0.09/turn                (no ring)

@: no status effects
A: no striking features
a: no special abilities


You were on level 1 of the Dungeon.
You visited 1 branch of the dungeon, and saw 1 of its levels.

You collected 23 gold pieces.

Inventory:

Hand Weapons
 a - a +0 dagger (weapon)
 g - a +0 sling
Missiles
 e - a stone
Armour
 b - a +0 robe (worn)
 c - a +0 hat (worn)
Scrolls
 f - a scroll of enchant weapon {unknown}
Potions
 d - a potion of magic


   Skills:
 + Level 0.1 Fighting
 + Level 1.8 Dodging
 + Level 1.8 Stealth
 * Level 3.0 Spellcasting
 * Level 1.1 Conjurations
 + Level 1.0 Summonings
 + Level 0.9 Translocations


You had 5 spell levels left.
You knew the following spells:

 Your Spells              Type           Power      Damage    Failure   Level
a - Magic Dart            Conj           20%        1d4       13%         1

Your spell library contained the following spells:

 Spells                   Type           Power      Damage    Failure   Level
 Slow                     Hex            8%         N/A       21%         1
 Blink                    Tloc           10%        N/A       21%         2
 Call Imp                 Summ           5%         N/A       21%         2
 Cigotuvi's Dreadful Rot  Necr/Pois/Air  4%         N/A       30%         2
 Mephitic Cloud           Conj/Pois/Air  3%         N/A       45%         3


Dungeon Overview and Level Annotations

Branches:
Dungeon (1/15)

Altars:


Message History

Found a sling and 22 gold pieces.
A rat comes into view.
Found a leather armour.
You see here a +0 sling.
You now have 23 gold pieces (gained 8).
You see here a +0 sling.
g - a +0 sling A goblin and a bat come into view.
Found a dagger.
The goblin shouts!
The rat bites you. The rat attacks as you move away! The rat barely misses you.
You see here 14 gold pieces.
The rat attacks as you move away! The rat bites you but does no damage.
The goblin barely misses you.
You hit the goblin.
The goblin is moderately wounded.
The rat bites you. The goblin hits you with a +0 dagger.
You completely miss the goblin.
The goblin is moderately wounded.
The rat twitches its whiskers.
The rat closely misses you. The goblin hits you with a +0 dagger.
You barely miss the goblin.
The goblin is moderately wounded.
The rat barely misses you. The goblin hits you with a +0 dagger.
You closely miss the goblin.
The goblin is moderately wounded.
The rat bites you but does no damage. The goblin hits you with a +0 dagger.
You hit the rat.
You kill the rat!
The goblin hits you with a +0 dagger. The goblin attacks as you move away!
The goblin hits you with a +0 dagger.
* * * LOW HITPOINT WARNING * * *
Things that are here:
14 gold pieces; a rat corpse The goblin attacks as you move away!
The goblin misses you. The goblin hits you with a +0 dagger.
* * * LOW HITPOINT WARNING * * *
The goblin attacks as you move away! The goblin hits you with a +0 dagger.
You die...

#. ..... #..#.#)#
#..#[#.# #....#.#
.... .# #.#.#.#
#...#.# #.#.#$#
###...#.###.#.#.# #
#
..>............g##.#
#+##
...............b@..#
###8..
.........###...#####
+.....
#.....######.##
###8..
#.....†......# ##'##
#.....######## #..##
....#.....######
##.### ###
##.........# #.....
####)####.# #.####
#.# #.# #.#


You could see a goblin and a bat.

Vanquished Creatures
  A kobold (D:1)
  A ball python (D:1)
  2 rats (D:1)
4 creatures vanquished.

Notes
Turn   | Place    | Note
-------+----------+-------------------------------------------
     0 | D:1      | PimpSugar the Demonspawn Hedge Wizard began the quest for
                  | the Orb.
     0 | D:1      | Reached XP level 1. HP: 13/13 MP: 4/4
   124 | D:1      | Slain by a goblin

Illustrated notes

Levels and vault maps discovered:
D:1:      wander_arrival_chamber, layout_loops_ring,
          shapermc_ecumenical_altar_petra, feat_on_display

Action                     || total
---------------------------++-------
  Melee: Dagger            ||    12
   Cast: Magic Dart        ||     4
 Armour: Robe              ||     3
  Dodge: Dodged            ||     9

Table legend: (Time is in decaauts)
 A = Elapsed time spent in this place.
 B = Non-inter-level travel time spent in this place.
 C = Inter-level travel time spent in this place.
 D = Time resting spent in this place.
 E = Time spent auto-exploring this place.
 F = Levels seen in this place.
 G = Mean time per level.
                   A        B        C        D        E       F      G
               +--------+--------+--------+--------+--------+-----+--------+
         Total |    124 |    124 |      0 |      0 |     58 |   1 |  124.0 |
       Dungeon |    124 |    124 |      0 |      0 |     58 |   1 |  124.0 |
               +--------+--------+--------+--------+--------+-----+--------+

Top non-repeatable levels by time:
     D:1: 124 daAuts
